 Dungeon Crawl Stone Soup version 0.21-a0-264-g3e31e41 (webtiles) character file.

28 tidbits the Grave Robber (level 2, -1/20 HPs)
             Began as a Draconian Necromancer on Sept 8, 2017.
             Killed from afar by a dart slug (7 damage)
             ... with a slug dart
             ... on level 3 of the Dungeon.
             The game lasted 00:05:12 (483 turns).

tidbits the Grave Robber (Draconian Necromancer)     Turns: 483, Time: 00:05:13

Health: -1/20      AC:  4    Str: 10    XL:     2   Next: 96%
Magic:  1/5        EV: 12    Int: 15    God:
Gold:   0          SH:  0    Dex: 13    Spells: 4/6 levels left

rFire    . . .     SeeInvis .   a - +0 short sword
rCold    . . .     Gourm    .   (no shield)
rNeg     . . .     Faith    .   (armour unavailable)
rPois    .         Spirit   .   (helmet restricted)
rElec    .         Reflect  .   (no cloak)
rCorr    .         Harm     .   (no gloves)
MR       .....                  (no boots)
Stlth    ++........             (no amulet)
HPRegen  0.06/turn              (no ring)
MPRegen  0.09/turn              (no ring)

@: berserk cooldown, slowed, very slow
A: unfitting armour, agile 1, mutation resistance 1, cold-blooded, AC +4
a: no special abilities


You were on level 3 of the Dungeon.
You were not hungry.

You visited 1 branch of the dungeon, and saw 3 of its levels.

Inventory:

Hand Weapons
 a - a +0 short sword (weapon)
 c - a +0 falchion
 f - a +0 club
 l - a +0 trident
 m - a +0 hunting sling
Missiles
 e - 22 stones (quivered)
Scrolls
 g - a scroll of teleportation {unknown}
 h - a scroll of enchant armour {unknown}
 j - a scroll of enchant weapon {unknown}
 k - a scroll of fear {unknown}
Books
 d - a book of Necromancy

   Spells                             Type                      Level
   a - Pain                           Necromancy                   1
   b - Animate Skeleton               Necromancy                   1
   c - Vampiric Draining              Necromancy                   3
   d - Regeneration                   Charms/Necromancy            3
   e - Animate Dead                   Necromancy                   4
   f - Control Undead                 Necromancy                   4
Comestibles
 b - a bread ration
 i - 3 chunks of flesh


   Skills:
 - Level 1.7 Dodging
 - Level 1.7 Stealth
 + Level 2.5 Spellcasting
 * Level 4.6 Necromancy


You had 4 spell levels left.
You knew the following spells:

 Your Spells              Type           Power        Failure   Level  Hunger
n - Animate Skeleton      Necr           N/A          3%          1    #......
z - Pain                  Necr           ###.         3%          1    #......


Dungeon Overview and Level Annotations

Branches:
Dungeon (3/15)

Altars:

Annotations:
D:1 exclusion: downstairs
D:2 Sigmund


Innate Abilities, Weirdness & Mutations

Your plain brown scales are hard. (AC +4)
You cannot fit into any form of body armour.
You are cold-blooded and may be slowed by cold attacks.
You are agile. (Dex +2)
You are somewhat resistant to further mutation.


Message History

Unknown command.
Things that are here:
a club; a ring mail; an orc corpse Your magical contamination has completely faded away.
You hit the orc. You tail-slap the orc.
You kill the orc!
Things that are here:
a falchion; a goblin corpse
c - a falchion
Casting: Pain
Confirm with . or Enter, or press ? or * to list all spells.
You attempt to give life to the dead...
Before your eyes, flesh is ripped from the corpse!
The dead are walking!
i - 3 chunks of flesh
Found 17 stones.
Found a scale mail.
An orc comes into view.
It is wielding a short sword of protection.
The orc moves out of view.
Found a scroll labeled ZUKHIOF JETORAU.
You see here 17 stones.
Casting: Animate Skeleton
Confirm with . or Enter, or press ? or * to list all spells.
Aiming: Pain
Press: ? - help, Shift-Dir - straight line, f - orc
Aim: an orc, wielding a short sword of protection (hasn't noticed you, chance to defeat MR: 85%)
The orc shouts!
The orc barely resists.
Casting: Pain
Confirm with . or Enter, or press ? or * to list all spells.
You don't have enough magic to cast that spell.
What are your orders? t - Shout!
Orders for allies: a - Attack new target. p - Attack previous target. r - Retreat! s - Stop attacking. g - Guard the area. f - Follow me.
Anything else - Cancel.
Gang up on whom?
Press: ? - help, Dir - move target cursor, f/p - orc
Aim: an orc, wielding a short sword of protection Attack!
A dart slug comes into view.
Your goblin skeleton closely misses the orc.
Casting: Pain
Confirm with . or Enter, or press ? or * to list all spells.
Aiming: Pain
Press: ? - help, Shift-Dir - straight line, f/p - orc
Aim: an orc, wielding a short sword of protection (chance to defeat MR: 85%)
The orc writhes in agony!
You hit the orc but do no damage.
The orc is lightly wounded.
The orc barely misses you.
You barely miss the orc.
The orc is lightly wounded.
The orc hits you but does no damage.
Your goblin skeleton closely misses the orc.
There is a stone staircase leading up here.
Casting: Pain
Confirm with . or Enter, or press ? or * to list all spells.
You don't have enough magic to cast that spell.
You hit the orc but do no damage.
The orc is lightly wounded.
The orc hits you with a short sword of protection.
An orc comes into view. It is wielding a dagger.
Okay, then.
You hit the orc.
The orc is heavily wounded.
The orc hits you with a short sword of protection.
* * * LOW HITPOINT WARNING * * *
The orc closely misses you.
A red film seems to cover your vision as you go berserk!
You feel yourself moving faster!
You feel mighty!
Your goblin skeleton hits the orc.
The orc hits you but does no damage.
You puncture the orc!
You kill the orc!
The dart slug launches a dart at you. The slug dart hits you!
* * * LOW HITPOINT WARNING * * *
You feel a strong urge to attack something.
The orc hits you with a dagger.
* * * LOW HITPOINT WARNING * * *
Found 12 gold pieces.
You hit the orc.
The orc is severely wounded.
The orc completely misses you.
You completely miss the orc.
The orc is severely wounded.
You puncture the orc!
You kill the orc!
You feel a strong urge to attack something.
You are no longer berserk.
You are exhausted.
You feel yourself slow down.
Your goblin skeleton hits the dart slug.
The dart slug launches a dart at your goblin skeleton.
The slug dart hits your goblin skeleton.
Your goblin skeleton hits the dart slug.
The dart slug launches a dart at you. The slug dart hits you!
You die...

. #$ .# #.#.####### ...#.#
.# . .#....... ..... ..##
.. ........# #... ... ...
.. #)# #..# ?w. ....##.
#.# #..# #.#
......)###)####..#####..##
#.##.....Zw........(.[.#
#........@..........####
#....<)..###.#......#
#........# #.#......#
#........# #.#.#....#
#...................#
##.......##..#.#....#
...#####....##.#....# ..##
###.. ......## ..
#....#....#


You could see a dart slug and a friendly goblin skeleton.

Vanquished Creatures
  4 orcs (D:3)
  A giant cockroach (D:1)
  6 goblins
  2 hobgoblins
  4 kobolds
  4 rats
21 creatures vanquished.

Notes
Turn   | Place    | Note
-------+----------+-------------------------------------------
     0 | D:1      | tidbits the Draconian Necromancer began the quest for the Orb.
     0 | D:1      | Reached XP level 1. HP: 14/14 MP: 3/3
   103 | D:2      | Noticed Sigmund
   208 | D:1      | Learned a level 1 spell: Animate Skeleton
   228 | D:1      | Reached XP level 2. HP: 17/20 MP: 0/5
   310 | D:2      | Gained mutation: You are agile. (Dex +2) [potion of mutation]
   310 | D:2      | Gained mutation: You are somewhat resistant to further mutation. [potion of mutation]
   483 | D:3      | Killed from afar by a dart slug

Vault maps used:
D:1:      scummos_arrival_checkerplants
D:2:      minitemple, uniq_sigmund
D:3:      nicolae_overflow_crystal_walls, grunt_decor_fettered,
          grunt_decor_arrowhead, minmay_misc_feat_square, bh_walls_and_bars

Action                   || total
-------------------------++-------
Melee: Club              ||     6
       Short sword       ||    11
       Tailslap          ||     1
 Cast: Pain              ||    24
       Animate Skeleton  ||     3
  Use: Scroll            ||     3
       Potion            ||     2
Armor: Skin              ||     5
Dodge: Dodged            ||     7

Table legend:
 A = Spawn XP
 B = Non-spawn XP
 C = Spawn XP percentage of total XP
 D = Spawn monster count
 E = Non-spawn monster count
 F = Spawn count percentage of total count
 G = Total turns spent on level
                    A         B        C        D         E        F      G
               +---------+---------+-------+---------+---------+-------+---------
         Total |       0 |      40 |   0.0 |       0 |      21 |   0.0 |   483
               +---------+---------+-------+---------+---------+-------+---------
           D:1 |       0 |      13 |   0.0 |       0 |       7 |   0.0 |   272
           D:2 |       0 |      10 |   0.0 |       0 |       7 |   0.0 |   143
           D:3 |       0 |      17 |   0.0 |       0 |       7 |   0.0 |    68
               +---------+---------+-------+---------+---------+-------+---------

Table legend:
 A = Turns spent in this place as a percentage of turns spent in the entire game.
 B = Non-inter-level travel turns spent in this place as a percentage of non-inter-level travel turns spent in the entire game.
 C = Inter-level travel turns spent in this place as a percentage of turns spent in this place.
 D = Turns resting spent in this place as a percentage of non-inter-level travel turns spent in this place.
 E = Turns spent auto-exploring this place as a percentage of non-inter-level travel turns spent in this place.
 F = Non-inter-level travel turns spent in this place divided by the number of levels of this place that you've seen.
                   A       B       C       D       E      F
               +-------+-------+-------+-------+-------+----------------------
         Total | 100.0 | 100.0 |   7.2 |   0.0 |   0.0 | 149.3
       Dungeon | 100.0 | 100.0 |   7.2 |   0.0 |   0.0 | 149.3
               +-------+-------+-------+-------+-------+----------------------

Table legend:
 A = Kills in this place as a percentage of kills in entire the game.
 B = Kills by you in this place as a percentage of kills by you in the entire game.
 C = Kills by friends in this place as a percentage of kills by friends in the entire game.
 D = Other kills in this place as a percentage of other kills in the entire game.
 E = Experience gained in this place as a percentage of experience gained in the entire game.
 F = Experience gained in this place divided by the number of levels of this place that you have seen.
                   A       B       C       D       E      F
               +-------+-------+-------+-------+-------+----------------------
         Total | 100.0 | 100.0 |   N/A |   N/A | 100.0 |  13.3
       Dungeon | 100.0 | 100.0 |   N/A |   N/A | 100.0 |  13.3
               +-------+-------+-------+-------+-------+----------------------

Vault maps used:
D:1:      scummos_arrival_checkerplants
D:2:      minitemple, uniq_sigmund
D:3:      nicolae_overflow_crystal_walls, grunt_decor_fettered,
          grunt_decor_arrowhead, minmay_misc_feat_square, bh_walls_and_bars
